 Dungeon Crawl Stone Soup version 0.24-a0-335-g06ca16a (webtiles) character file.

Game seed: 6780564777434209215

1132 Borgoz the Chopper (level 8, -1/48 HPs)
             Began as a Gargoyle Gladiator on May 19, 2019.
             Was an Initiate of Ashenzari.
             Splashed by a jelly's acid (5 damage)
             ... on level 6 of the Dungeon.
             The game lasted 00:06:29 (4465 turns).

Borgoz the Chopper (Gargoyle Gladiator)             Turns: 4465, Time: 00:06:30

Health: -1/48      AC: 18    Str: 16 (18) XL:     8   Next: 36%
Magic:  2/2        EV:  6    Int:  6 (9)  God:    Ashenzari [......]
Gold:   239        SH:  0    Dex: 12 (13) Spells: 7/7 levels left

rFire    + . .     SeeInvis .   A - +2 hand axe (antimagic)
rCold    + . .     Gourm    .   (no shield)
rNeg     + . .     Faith    .   u - +0 plate armour
rPois    ∞         Spirit   .   c - +0 helmet
rElec    +         Reflect  .   j - scarf {rC+ rF+}
rCorr    .         Harm     .   (no gloves)
MR       .....                  (no boots)
Stlth    ..........             h - amulet of regeneration
HPRegen  0.56/turn              (no ring)
MPRegen  0.08/turn              (no ring)

@: no status effects
A: negative energy resistance 1, electricity resistance, unbreathing,
petrification resistance, rot immunity, AC +5
a: Curse Item, Renounce Religion


You were on level 6 of the Dungeon.
You worshipped Ashenzari.
Ashenzari was noncommittal.
You were not hungry.

You visited 2 branches of the dungeon, and saw 7 of its levels.

You collected 239 gold pieces.

Inventory:

Hand Weapons
 a - a +0 war axe
 A - a +2 antimagic hand axe (weapon)
Missiles
 d - 2 throwing nets (quivered)
Armour
 c - a +0 helmet (worn)
 j - a scarf of resistance (worn)
 u - a +0 plate armour (worn)
Jewellery
 h - an amulet of regeneration (around neck)
Wands
 y - a wand of iceblast (6)
Scrolls
 e - 2 scrolls of enchant weapon {unknown}
 l - 7 scrolls of remove curse
 p - 5 scrolls of identify {unknown}
 q - a scroll of enchant armour {unknown}
 s - 3 scrolls of teleportation {unknown}
 t - 2 scrolls of amnesia {unknown}
 v - a scroll of fog {unknown}
Potions
 b - 4 potions of brilliance {unknown}
 g - a potion of haste {unknown}
 i - 4 potions of curing {unknown}
 k - 4 potions of heal wounds {unknown}
 m - 2 potions of mutation {unknown}
 n - a potion of invisibility {unknown}
 o - a potion of cancellation {unknown}
 r - a potion of degeneration
 w - 2 potions of might {unknown}
 x - a potion of magic {unknown}
 z - a potion of flight {unknown}
Comestibles
 f - 16 rations


   Skills:
 + Level 4.6 Fighting
 * Level 5.7 Axes
 - Level 1.7 Throwing
 + Level 4.0 Armour
 * Level 5.2 Dodging


You had 7 spell levels left.
You didn't know any spells.
Your spell library contained the following spells:

 Spells                   Type           Power        Failure   Level  Hunger
 Corona                   Hex            #......      100%        1    ##.....
 Ensorcelled Hibernation  Hex/Ice        #.....       100%        2    ###....
 Confuse                  Hex            #.......     100%        3    ####...
 Dazzling Spray           Conj/Hex       #.....       100%        3    ####...
 Tukima's Dance           Hex            #.......     100%        3    ####...


Dungeon Overview and Level Annotations

Branches:
Dungeon (6/15)             Temple (1/1) D:6

Altars:
Ashenzari
Cheibriados
Dithmenos
Elyvilon
Fedhas
Gozag
Hepliaklqana
Kikubaaqudgha
Makhleb
Nemelex Xobeh
Okawaru
Qazlal
Ru
Sif Muna
Trog
Uskayaw
Vehumet
Wu Jian
Xom
Yredelemnul
Zin
The Shining One


Innate Abilities, Weirdness & Mutations

You are resistant to torment.
Your stone body is resilient. (AC +5)
You are immune to poison.
You resist negative energy. (rN+)
You are resistant to electric shocks. (rElec)
You can survive without breathing.
You are immune to petrification.
You are immune to rotting.


Message History

The ogre is caught in the net!
The ogre is severely wounded.
The ogre struggles against the net.
You hit the ogre.
The ogre is almost dead.
The ogre struggles against the net.
It was a potion of degeneration.
There was something very wrong with that liquid.
You feel weakened.
You feel dopey.
You feel clumsy.
The ogre struggles against the net.
Your plate armour prevents you from hitting the ogre.
The ogre is severely wounded.
You hit the jelly.
Your hands burn!
* * * LOW HITPOINT WARNING * * *
The jelly hits you but does no damage.
The ogre struggles against the net.
You slash the ogre!
You kill the ogre!
Your Armour skill increases to level 4!
You hit the jelly.
Your hands burn!
You die...

..# .###.## ..⌠ #..#
.)....## # .. ...#
.###....... .. ...
.....#####.. #. ..#
.####### ..##.#..#
........ ......#
.##############J)..#
.............##.@#.#
############.##....#####
#.##.)#......
#.##....#####
######.##..####
#.............####
#♣♣♣###.#####........#
##♣...♣ #.# #..##.##.#
.'..>.♣ #.# #..##[##.#
#.#


You could see a jelly.

Vanquished Creatures
  Sigmund (D:6)
  A phantom (D:6)
  An ogre (D:6)
  3 eyes of draining (D:5)
  2 centaurs
  A crimson imp (D:5)
  Terence (D:2)
  3 worker ants
  A hound skeleton (D:5)
  2 worker ant zombies (D:5)
  2 howler monkey skeletons
  9 adders
  2 oozes
  4 dart slugs
  2 leopard geckos (D:4)
  11 orcs
  6 bats
  3 giant cockroaches
  7 goblins
  4 hobgoblins
  6 jackals
  6 quokkas
  A ball python (D:1)
  7 frilled lizards
  8 kobolds
  A leopard gecko skeleton (D:4)
  2 quokka skeletons
  A quokka zombie (D:5)
  7 rats
105 creatures vanquished.

Notes
Turn   | Place    | Note
-------+----------+-------------------------------------------
     0 | D:1      | Borgoz the Gargoyle Gladiator began the quest for the Orb.
     0 | D:1      | Reached XP level 1. HP: 12/12 MP: 1/1
     6 | D:1      | Noticed a lindwurm
     6 | D:1      | Noticed a wyvern
     6 | D:1      | Noticed a wolf
     6 | D:1      | Noticed a black bear
   235 | D:1      | Reached XP level 2. HP: 17/17 MP: 2/2
  1029 | D:2      | Reached XP level 3. HP: 19/22 MP: 3/3
  1055 | D:2      | Reached skill level 1 in Armour
  1176 | D:2      | Reached XP level 4. HP: 27/27 MP: 4/4
  1286 | D:2      | Found a shadowy altar of Dithmenos.
  1831 | D:2      | Noticed Terence
  1841 | D:2      | Killed Terence
  1919 | D:3      | Reached XP level 5. HP: 31/32 MP: 5/5
  2697 | D:4      | You fall through a shaft for 2 floors!
  2763 | D:6      | Reached XP level 6. HP: 34/37 MP: 6/6
  2770 | D:6      | Noticed a phantom
  2829 | D:6      | Killed a phantom
  2861 | D:6      | Noticed Sigmund
  2872 | D:6      | Killed Sigmund
  2872 | D:6      | Reached XP level 7. HP: 40/42 MP: 7/7
  2947 | D:5      | Entered Level 5 of the Dungeon
  2994 | D:5      | Found a shattered altar of Ashenzari.
  3016 | D:5      | Became a worshipper of Ashenzari the Shackled
  3044 | D:5      | Reached skill level 5 in Axes
  3891 | D:5      | Found a bloodstained altar of Trog.
  3902 | D:5      | Reached XP level 8. HP: 48/48 MP: 0/8
  3905 | D:5      | Reached skill level 5 in Dodging
  3939 | D:5      | Found a glowing silver altar of Zin.
  4152 | D:6      | Found a staircase to the Ecumenical Temple.
  4281 | Temple   | Entered the Ecumenical Temple
  4465 | D:6      | Splashed by a jelly's acid

Levels and vault maps discovered:
D:1:      onia_arrival_zoo_common, layout_basic, supply_closet_lemuel
D:2:      layout_basic, old_standard_altar, first_ration, uniq_terence
D:3:      layout_rooms
D:4:      layout_cave_pods
D:5:      layout_cave_pods, trog_eyes_of_draining, zin_scriptorium,
          cheibrodos_ashenzari_chains, minivault_26
D:6:      layout_loops_ring, minmay_temple_entry_enclosed_plants,
          grunt_ministairs_2, uniq_crazy_yiuf_cottage, uniq_sigmund
Temple:   hc_temple_tempest_star

Skill      XL: |  1  2  3  4  5  6  7  8 |
---------------+-------------------------+-----
Axes           | 3 4 5 |  5.7
Armour         | 1 2 3 4 |  4.0
Dodging        | 3 4 5 |  5.2
Fighting       | 3 4 |  4.6
Throwing       | |  1.7

Action                   |  1- 3 |  4- 6 |  7- 9 || total
-------------------------+-------+-------+-------++-------
Melee: War axe           |    77 |   213 |   115 ||   405
       Hand axe          |       |       |    16 ||    16
Throw: Throwing net      |       |       |     1 ||     1
Evoke: Wand              |       |     2 |     1 ||     3
  Use: Potion            |       |       |     1 ||     1
  Eat: Chunk             |     1 |     6 |     3 ||    10
       Ration            |       |       |     1 ||     1
Armor: Leather armour    |     2 |       |       ||     2
       Scale mail        |    41 |    77 |       ||   118
       Plate armour      |       |    99 |    94 ||   193
Dodge: Dodged            |    61 |   120 |    46 ||   227

Table legend:
 A = Non-vault XP
 B = Vault XP
 C = Vault XP percentage of total XP
 D = Non-vault monster count
 E = Vault monster count
 F = Vault count percentage of total count
                 A         B        C        D         E       F
            +---------+---------+-------+---------+---------+-------
      Total |     974 |     644 |  39.8 |      98 |       7 |   6.7
            +---------+---------+-------+---------+---------+-------
        D:1 |      22 |       0 |   0.0 |      14 |       0 |   0.0
        D:2 |     103 |      36 |  25.9 |      23 |       1 |   4.2
        D:3 |      59 |       0 |   0.0 |      18 |       0 |   0.0
        D:4 |      98 |       0 |   0.0 |      20 |       0 |   0.0
        D:5 |     268 |     370 |  58.0 |      16 |       5 |  23.8
        D:6 |     424 |     238 |  36.0 |       7 |       1 |  12.5
            +---------+---------+-------+---------+---------+-------
